[Event "*** Titled Tuesday 3|2 Blitz (Early)"]
[Site "Chess.com"]
[Date "2017.01.03"]
[Round "1"]
[White "Iball95"]
[Black "Goala"]
[Result "0-1"]
[WhiteElo "2459"]
[BlackElo "2217"]
[TimeControl "180+2"]
[EndTime "11:12:03 PST"]
[Termination "Goala won by resignation"]

1. e4 e6 2. d4 d5 3. Nc3 Nf6 4.
e5 Nfd7 5. f4 c5 6. Nf3 Nc6 7.
Be3 cxd4 8. Nxd4 Bc5 9. Qd2 a6 10. O-O-O Bxd4 11. Bxd4 b5 12. Be3 Qc7 13. Kb1 O-O 14.
h4 b4 15. Ne2 a5 16. Nd4 Ba6 17. Nb5 Bxb5 18. Bxb5 Rfc8 19. h5 Ne7 20. g4 Nc5 21.
Bxc5 Qxc5 22. Bd3 Nc6 23. h6 g6 24. Rhe1 a4 25. f5 a3 26. fxe6 fxe6 27. Qg5 Qe7 28. Qxe7 Nxe7 29. Rf1 Rf8 30. Rf6 Rxf6 31. exf6 Nc6 32.
g5 Kf7 33. Re1 Nd4 34. Re3 axb2 35. Kxb2 Re8 36. c3 bxc3+ 37. Kxc3 e5 38. a4 Nf5 39.
Re1 e4 40. Bb5 d4+ 41. Kc4 Rc8+ 42. Kd5 e3 43. Bd3 Rd8+ 44. Kc5 Nh4 45. a5 Nf3 46. Rb1 Nxg5 47. a6 Ne6+ 48. Kc6 Ra8 49. Kb7 Rd8 50.
a7 Nc5+ 51. Kc7 Ra8 52. Bc4+ Kxf6 53. Kb6 Ne4 54. Kb7 Rxa7+ 55. Kxa7 Nd2 56. Rb6+ Ke5 57.
Bd3 Nf3 58. Rxg6 Ne1 59. Rg5+ Kf4 60. Rf5+ Kg4 61. Bb1 d3 62. Rd5 e2 63. Kb6 Nc2 64. Rxd3 e1=Q 65. Bxc2 Qb4+ 66. Kc6 Qc4+ 67. Kd7 Qxc2 68.
Rd6 Kg5 69. Ke7 Qe4+ 70. Kd7 Qf5+ 71. Ke7 Qe5+ 72. Kd7 Kh5 73. Re6 Qf4 74. Ke7 Qg5+ 75.
Kf7 Qf5+ 76. Rf6 Qd7+ 77. Kg8 Kg5 78. Rf7 Qe6 79. Kg7 Qxh6+ 80. Kg8 Qg6+ 81. Kf8 Qxf7+ 82.
Kxf7 h5 0-1

[Event "*** Titled Tuesday 3|2 Blitz (Early)"]
[Site "Chess.com"]
[Date "2017.01.03"]
[Round "1"]
[White "macko06"]
[Black "boredoldman"]
[Result "1-0"]
[WhiteElo "2276"]
[BlackElo "2491"]
[TimeControl "180+2"]
[EndTime "11:12:53 PST"]
[Termination "macko06 won by checkmate"]

1. d4 Nf6 2. Nf3 c5 3. e3 e6 4.
Bd3 Nc6 5. b3 cxd4 6. exd4 d5 7.
O-O Bd6 8. Bb2 Ne4 9. Qe2 f5 10. Ne5 O-O 11. Nd2 Qf6 12. f4 g5 13. fxg5 Qxg5 14.
Ndf3 Qg7 15. c4 Bd7 16. cxd5 exd5 17. Nxc6 bxc6 18. Ne5 Rae8 19. Qf3 Nd2 20. Qf2 Nxf1 21. Rxf1 Kh8 22. Qf4 c5 23. Qf3 Bxe5 24. dxe5 d4 25.
b4 Qxe5 26. bxc5 Be6 27. Qf2 Rd8 28. Re1 Qf6 29. c6 Rf7 30. Rc1 Bc8 31. Rc4 Kg8 32.
Bxd4 Qg5 33. Be3 Qg7 34. Bd4 Qg4 35. Be2 Qg6 36. Rc1 Re8 37. Bf3 Rfe7 38. Bd5+ Be6 39. Bf3 f4 40. c7 Bc8 41. Bd5+ Re6 42. Bxe6+ Qxe6 43. Bxa7 Qe4 44. h3 Bb7 45. Bd4 Rc8 46. Bb6 Kf7 47. Rf1 Rg8 48. Qxf4+ Qxf4 49. Rxf4+ Ke6 50.
Rf2 Kd7 51. Rc2 Rg6 52. Be3 Rg8 53. Bf4 Be4 54. Rd2+ Kc8 55. g3 Bf5 56. Kg2 Re8 57. g4 Bd7 58. Kg3 Re1 59. Kh4 Rf1 60. Kg5 Rh1 61.
Rd3 Rf1 62. Be5 Rf7 63. Bg3 Be6 64. Re3 Bd7 65. Bh4 Kxc7 66. Bg3+ Kc8 67. Be5 Re7 68. Bf4 Rf7 69. Be5 Kb7 70. Bf6 Kc6 71.
Re7 Rxe7 72. Bxe7 Be6 73. a3 Kd7 74. Bb4 Kc6 75. Kh6 Bg8 76. Kg7 Bc4 77. Kxh7 Bf1 78. h4 Bd3+ 79. Kh6 Kd5 80. g5 Ke6 81. a4 Ba6 82. a5 Kf7 83. Bc5 Kg8 84. Bb6 Bc4 85.
Kg6 Ba6 86. Kf6 Bd3 87. g6 Ba6 88. h5 Be2 89. h6 Bc4 90. Ke7 Ba6 91. Kd6 Bd3 92. g7 Kh7 93. Be3 Ba6 94. Kc7 Bd3 95. Kb6 Be4 96. a6 Kg8 97. Kc7 Kh7 98. Kb8 Bd5 99. a7 Be4 100. a8=Q Bxa8 101. Kxa8 Kg8 102. Kb7 Kh7 103. Kc6 Kg8 104. Kd6 Kh7 105. Ke7 Kg8 106. Bd4 Kh7 107. Kf7 Kxh6 108. g8=Q Kh5 109. Bf2 Kh6 110. Qg6# 1-0

[Event "*** Titled Tuesday 3|2 Blitz (Early)"]
[Site "Chess.com"]
[Date "2017.01.03"]
[Round "1"]
[White "Egorov_Pavel"]
[Black "QuintilianoR"]
[Result "0-1"]
[WhiteElo "2287"]
[BlackElo "2554"]
[TimeControl "180+2"]
[EndTime "11:13:35 PST"]
[Termination "QuintilianoR won on time"]

1. d4 d5 2. c4 e6 3. Nc3 c6 4.
Nf3 dxc4 5. a4 Bb4 6. e3 b5 7. Bd2 a5 8. axb5 Bxc3 9. Bxc3 cxb5 10. b3 Bb7 11. bxc4 b4 12. Bb2 Nf6 13. Bd3 Nbd7 14.
O-O O-O 15. Nd2 Qc7 16. f3 e5 17. Bc2 Rfd8 18. Qe1 exd4 19. exd4 Nb6 20. c5 Nbd5 21. Ne4 Re8 22. Qh4 Bc6 23. Nxf6+ Nxf6 24. d5 Bxd5 25. Bxf6 Qxc5+ 26. Bd4 Qxc2 27. Qg5 Qg6 28. Qxd5 Rad8 29. Qc4 Rc8 30. Qb5 Red8 31. Bf2 Rb8 32. Qxa5 b3 33.
Rad1 Rdc8 34. Bg3 Qb6+ 35. Qxb6 Rxb6 36. Rb1 g5 37. Rb2 Rc3 38. Be5 Rd3 39. Rc1 f6 40.
Bc7 Rb5 41. Kf2 Kf7 42. Ke2 Rd7 43. Rc3 h5 44. Bg3 h4 45. Bf2 Re7+ 46. Kd2 Reb7 47. Rc5 R5b6 48. Kc3 Kg6 49. Rc4 Rb5 50. Bc5 f5 51.
Bb4 Kh5 52. Rxb3 Rb8 53. g3 hxg3 54. hxg3 R8b6 55. g4+ Kg6 56. gxf5+ Rxf5 57. Kb2 Rfb5 58.
Ka3 Ra6+ 59. Kb2 Rab6 60. Kc2 Kh5 61. Kc3 Kg6 62. Rb2 Rf6 63. f4 Rxf4 64. Rxf4 gxf4 65.
Kc4 Re5 66. Rf2 Kf5 67. Kd3 Rd5+ 68. Ke2 Ke4 69. Bd2 f3+ 70. Kd1 Rh5 71. Kc2 Rc5+ 72.
Kb3 Rd5 73. Bh6 Rb5+ 74. Kc3 Rh5 75. Bd2 Rc5+ 76. Kb4 Rc2 77. Kb3 Rc7 78. Bg5 Rg7 79.
Bd2 Rg2 80. Be1 Rg1 81. Bd2 Rg2 82. Be1 Ke3 83. Rxf3+ Kxf3 84. Bc3 Ke4 85. Kc4 Rc2 86. Kb3 Kd3 87. Bb4 Rc7 88. Ka4 Rb7 89. Ka5 Kc4 90. Bd6 Kd5 91. Bf8 Kc4 92. Bd6 Rd7 93. Bb8 Rd5+ 94.
Kb6 Rb5+ 95. Kc7 Kd5 96. Ba7 Rb1 97. Bb6 Rh1 98. Be3 Rh7+ 99. Kb6 Re7 100. Bg5 Re6+ 101. Kc7 Rc6+ 102. Kd7 Rg6 103. Be7 Rg7 104. Ke8 Ke6 0-1

[Event "*** Titled Tuesday 3|2 Blitz (Early)"]
[Site "Chess.com"]
[Date "2017.01.03"]
[Round "2"]
[White "stefanodinn"]
[Black "Quiet_Desperation"]
[Result "1-0"]
[WhiteElo "2242"]
[BlackElo "2361"]
[TimeControl "180+2"]
[EndTime "11:17:02 PST"]
[Termination "stefanodinn won by resignation"]

1. e4 e6 2. d4 d5 3. Nd2 Nf6 4.
e5 Nfd7 5. c3 c5 6. Bd3 Nc6 7. Ne2 cxd4 8. cxd4 f6 9. exf6 Nxf6 10. O-O Bd6 11. Nf3 Qc7 12. g3 O-O 13. Bf4 Bxf4 14.
Nxf4 Ng4 15. Bxh7+ Kh8 16. Ng6+ Kxh7 17. Nxf8+ Kg8 18.
Ng6 Bd7 19. Ng5 e5 20. dxe5 Nb4 21. e6 Bc6 1-0

[Event "*** Titled Tuesday 3|2 Blitz (Early)"]
[Site "Chess.com"]
[Date "2017.01.03"]
[Round "2"]
[White "boredoldman"]
[Black "Vrolijk"]
[Result "1-0"]
[WhiteElo "2494"]
[BlackElo "2252"]
[TimeControl "180+2"]
[EndTime "11:18:04 PST"]
[Termination "boredoldman won by resignation"]

1. e4 e6 2. d4 d5 3. Nd2 c5 4.
Ngf3 cxd4 5. Nxd4 Nf6 6. exd5 Nxd5 7. N2f3 Bb4+ 8. c3 Nxc3 9. bxc3 Bxc3+ 10. Bd2 Bxd4 11.
Bb5+ Nc6 12. Nxd4 Qxd4 13. O-O O-O 14. Qc2 Bd7 15. Rfd1 Qh4 16. Bc3 Rfd8 17. g3 Qh5 18. Be2 Qh6 19. Rab1 b6 20. Rd6 Ne7 21. Rbd1 Nd5 22.
R1xd5 exd5 23. Rxh6 1-0

[Event "*** Titled Tuesday 3|2 Blitz (Early)"]
[Site "Chess.com"]
[Date "2017.01.03"]
[Round "2"]
[White "Andrejkin"]
[Black "pastouche06"]
[Result "1/2-1/2"]
[WhiteElo "2184"]
[BlackElo "2343"]
[TimeControl "180+2"]
[EndTime "11:18:17 PST"]
[Termination "Game drawn by agreement"]

1. e4 c6 2. d4 d5 3. Nc3 b5 4. exd5 b4 5. Na4 cxd5 6. Nc5 e6 7.
Bb5+ Nd7 8. Bf4 Qb6 9. Bxd7+ Bxd7 10. Nxd7 Kxd7 11. Nf3 f6 12. c4 bxc3 13. bxc3 Bd6 14. Qa4+ Qc6 15. Qxc6+ Kxc6 16. Bxd6 Kxd6 17. Kd2 Ne7 18.
Rhb1 Rhc8 19. Rb7 Rc7 20. Rxc7 Kxc7 21. Rb1 Nc6 22. Kd3 Rb8 23. Rxb8 Nxb8 24. c4 dxc4+ 25. Kxc4 Kc6 26. Nd2 Nd7 27. Ne4 Nb6+ 28. Kd3 Nd7 29.
Kc4 Nb6+ 30. Kd3 1/2-1/2

[Event "*** Titled Tuesday 3|2 Blitz (Early)"]
[Site "Chess.com"]
[Date "2017.01.03"]
[Round "2"]
[White "MFBerna"]
[Black "Mepetmepe"]
[Result "1-0"]
[WhiteElo "2199"]
[BlackElo "2358"]
[TimeControl "180+2"]
[EndTime "11:18:28 PST"]
[Termination "MFBerna won by resignation"]

1. e4 e5 2. Nf3 Nc6 3. Bb5 a6 4. Ba4 Nf6 5. O-O Nxe4 6. d4 b5 7. Bb3 d5 8. dxe5 Be6 9. c3 Be7 10. Nbd2 Nc5 11. Bc2 d4 12. Nb3 d3 13. Bb1 Nxb3 14. axb3 Qd5 15. Qxd3 Qxd3 16. Bxd3 O-O 17. Be4 Bd7 18. Rd1 Be8 19. Nd4 Nxd4 20. Bxa8 Nxb3 21. Rxa6 b4 22. Be3 Bb5 23. Ra7 Bd8 24. Bd5 1-0

[Event "*** Titled Tuesday 3|2 Blitz (Early)"]
[Site "Chess.com"]
[Date "2017.01.03"]
[Round "2"]
[White "FairChess_on_YouTube"]
[Black "gmsakk"]
[Result "1-0"]
[WhiteElo "2770"]
[BlackElo "2456"]
[TimeControl "180+2"]
[EndTime "11:18:36 PST"]
[Termination "FairChess_on_YouTube won by resignation"]

1. d4 d5 2. c4 c6 3. Nf3 Nf6 4.
e3 Bf5 5. Nc3 e6 6. Nh4 Be4 7. f3 Bg6 8. Qb3 Qc7 9. Bd2 Be7 10. g3 Nbd7 11. cxd5 Nxd5 12. Nxg6 hxg6 13. e4 Nxc3 14. Bxc3 Rxh2 15. Rxh2 Qxg3+ 16. Rf2 Bh4 17. O-O-O Qxf2 18. Qxb7 Rd8 19. Qxc6 Qxf3 20. Bb5 Be7 21. Ba5 Bg5+ 22. Kc2 Qf2+ 23. Kb1 Qf3 24. Ba4 1-0

[Event "*** Titled Tuesday 3|2 Blitz (Early)"]
[Site "Chess.com"]
[Date "2017.01.03"]
[Round "2"]
[White "AdamHunt1"]
[Black "bugsbunny444"]
[Result "1-0"]
[WhiteElo "2361"]
[BlackElo "2358"]
[TimeControl "180+2"]
[EndTime "11:18:44 PST"]
[Termination "AdamHunt1 won by resignation"]

1. e4 e6 2. d4 d5 3. Nc3 Nf6 4. Bg5 Bb4 5. e5 h6 6. Bc1 Nfd7 7. Qg4 Bf8 8. h4 a6 9. Nf3 c5 10. dxc5 Nc6 11. Bf4 Nxc5 12. O-O-O Qa5 13. Kb1 Ne4 14. Nxe4 dxe4 15. Nd2 Nxe5 16. Qg3 Ng6 17. Bc7 Qh5 18. Bc4 b5 19. Nxe4 bxc4 20. Rd8+ 1-0

[Event "*** Titled Tuesday 3|2 Blitz (Early)"]
[Site "Chess.com"]
[Date "2017.01.03"]
[Round "2"]
[White "Kawhi_Leonard2"]
[Black "capatl"]
[Result "1-0"]
[WhiteElo "2206"]
[BlackElo "2343"]
[TimeControl "180+2"]
[EndTime "11:18:47 PST"]
[Termination "Kawhi_Leonard2 won by resignation"]

1. e4 c5 2. Nf3 e6 3. d4 cxd4 4.
Nxd4 a6 5. Nc3 Qc7 6. Be2 b5 7.
Bf3 Bb7 8. O-O Nc6 9. Nxc6 dxc6 10. a4 e5 11. axb5 axb5 12. Rxa8+ Bxa8 13. Be3 Nf6 14. Qa1 Bb7 15. Qa7 Be7 16. Bb6 Qc8 17. Bc5 Bxc5 18.
Qxc5 Nd7 19. Qa3 Qd8 20. Rd1 Qe7 21. Qa7 Bc8 22. Bg4 b4 23. Na4 O-O 24. Bxd7 Bxd7 25.
Qxd7 1-0

[Event "*** Titled Tuesday 3|2 Blitz (Early)"]
[Site "Chess.com"]
[Date "2017.01.03"]
[Round "2"]
[White "yian123"]
[Black "cassoulet"]
[Result "0-1"]
[WhiteElo "2361"]
[BlackElo "2329"]
[TimeControl "180+2"]
[EndTime "11:18:50 PST"]
[Termination "cassoulet won by resignation"]

1. e4 c5 2. Nf3 d6 3. d4 cxd4 4. Nxd4 Nf6 5. Nc3 Nc6 6. Bg5 e6 7. Qd3 a6 8. Nxc6 bxc6 9. Be2 Be7 10. Qg3 e5 11. O-O O-O 12. Bh6 Ne8 13. Bd2 Bh4 14. Qd3 f5 15. exf5 Bxf5 16. Qc4+ d5 17.
Qxc6 d4 18. Na4 Rc8 19. Qxa6 Rxc2 20. Rac1 Rxd2 21. g3 Bg5 22. Bc4+ Kh8 23. Rce1 e4 24. Nc5 Nd6 25. Nb3 Rc2 26. Bd5 Bh3 27. Nxd4 Bxf1 28.
Rxf1 Rcxf2 29. Re1 Qf6 30. Ne6 Qxb2 0-1

[Event "*** Titled Tuesday 3|2 Blitz (Early)"]
[Site "Chess.com"]
[Date "2017.01.03"]
[Round "2"]
[White "lionheart95"]
[Black "sorito"]
[Result "1-0"]
[WhiteElo "2385"]
[BlackElo "2328"]
[TimeControl "180+2"]
[EndTime "11:19:02 PST"]
[Termination "lionheart95 won by resignation"]

1. e4 e6 2. d4 d5 3. Nc3 Nf6 4. e5 Ne4 5. Bd3 Nxc3 6. bxc3 c5 7. h4 Nc6 8. Nf3 Bd7 9. h5 h6 10.
Bd2 c4 11. Be2 Be7 12. Rh3 f5 13. exf6 Bxf6 14. Rg3 Qe7 15. Kf1 O-O-O 16. Kg1 Rdf8 17. a4 e5 18. Bc1 e4 19. Ba3 Qf7 20. Bxf8 exf3 21. Bxf3 Rxf8 22. Bg4 Bh4 23. Rf3 Qe7 24. Rxf8+ Qxf8 25. Bxd7+ Kxd7 26. Qg4+ 1-0

[Event "*** Titled Tuesday 3|2 Blitz (Early)"]
[Site "Chess.com"]
[Date "2017.01.03"]
[Round "2"]
[White "amurdercastle"]
[Black "Canonkasparov"]
[Result "1-0"]
[WhiteElo "2396"]
[BlackElo "2317"]
[TimeControl "180+2"]
[EndTime "11:19:12 PST"]
[Termination "amurdercastle won by checkmate"]

1. d4 Nf6 2. c4 Nc6 3. f3 e5 4. d5 Ne7 5. e4 Ng6 6. Nc3 Bc5 7. Bd3 d6 8. Qc2 a5 9. Nge2 O-O 10. Ng3 Nh4 11. Bg5 Ng6 12. h4 h6 13. Bd2 Nf4 14. Bxf4 exf4 15. Nge2 Be3 16. Nd1 Nd7 17. Nxe3 fxe3 18. Qc1 Qf6 19. Nc3 Qd4 20. Ke2 Ne5 21.
Qxe3 Qxe3+ 22. Kxe3 f5 23. b3 Bd7 24. Rae1 Rf7 25. exf5 Nxd3 26. Kxd3 Bxf5+ 27. Kd2 Raf8 28. Nb5 b6 29. Nd4 Bd7 30. Re4 Kh7 31. Rhe1 Rf4 32. a3 R8f7 33. b4 axb4 34. axb4 g5 35. hxg5 hxg5 36.
Kc3 g4 37. fxg4 Bxg4 38. Rxf4 Rxf4 39. Re7+ Kg6 40. Rxc7 Rf2 41. Rc6 Rxg2 42. Rxd6+ Kg5 43. c5 Rg3+ 44. Kc4 bxc5 45. bxc5 Bh3 46. c6 Bf1+ 47. Kb4 Rd3 48. Ne6+ Kf5 49. c7 Ke5 50. Rd8 Rd1 51. c8=Q Rb1+ 52. Ka3 Ra1+ 53. Kb2 Rd1 54. Qc3+ Ke4 55.
Nc5+ Kf4 56. Rf8+ Kg4 57. Qf3+ Kg5 58. Rg8+ Kh6 59. Qh1+ Bh3 60. Qxh3# 1-0

[Event "*** Titled Tuesday 3|2 Blitz (Early)"]
[Site "Chess.com"]
[Date "2017.01.03"]
[Round "2"]
[White "Feegus"]
[Black "aspired"]
[Result "1-0"]
[WhiteElo "2316"]
[BlackElo "2375"]
[TimeControl "180+2"]
[EndTime "11:19:22 PST"]
[Termination "Feegus won by resignation"]

1. Nf3 Nf6 2. g3 b5 3. Bg2 Bb7 4. O-O e6 5. a4 b4 6. a5 Na6 7. d4 c5 8. c3 Rc8 9. Bf4 d5 10. Ne5 Bd6 11. Qa4+ Ke7 12. Nd2 cxd4 13. cxd4 Qe8 14.
Qb3 Qb5 15. Ndf3 h6 16. Nxf7 Bxf4 17. Nxh8 Rxh8 18. gxf4 g5 19. Qe3 Rg8 20. fxg5 hxg5 21. Nxg5 Qd7 22. h4 Qd6 23. Rac1 Rh8 24. Qg3 Qd8 25.
Qe5 Qg8 26. Bh3 Rxh4 27. Bxe6 Ng4 28. Rc7+ Nxc7 29. Qxc7+ Kf6 30. Bxg8 1-0

[Event "*** Titled Tuesday 3|2 Blitz (Early)"]
[Site "Chess.com"]
[Date "2017.01.03"]
[Round "2"]
[White "Lupul_Cenusiu"]
[Black "Alexander_Moskalenko"]
[Result "1/2-1/2"]
[WhiteElo "2472"]
[BlackElo "2668"]
[TimeControl "180+2"]
[EndTime "11:19:32 PST"]
[Termination "Game drawn by agreement"]

1. d4 d5 2. Nf3 Bf5 3. c4 e6 4.
Nc3 Nf6 5. e3 c6 6. Bd3 Bxd3 7.
Qxd3 Nbd7 8. O-O Bb4 9. Bd2 a5 10. b3 O-O 11. a3 Bxc3 12. Bxc3 a4 13. bxa4 Nb6 14. cxd5 exd5 15. a5 Nc4 16. Nd2 Nxa5 17. a4 Ne8 18. Rfb1 Nd6 19. Bb4 Re8 20. Bxd6 Qxd6 21.
Qc3 Re6 22. h3 Rg6 23. Rb6 Qd7 24. e4 dxe4 25. Nxe4 Qd5 26. f3 Re6 27. Rab1 Re7 28. Qc5 Rd7 29. Qxd5 Rxd5 30. Nc5 Rxd4 31. Nxb7 g6 32.
Nxa5 Rxa5 33. Rxc6 Rd2 34. Rc4 Ra2 35. Rb8+ Kg7 36. Rb7 Rg5 37. Rg4 Rxg4 38. hxg4 Rxa4 39. Rc7 Ra5 40. Rb7 h5 41. gxh5 Rxh5 42. Rc7 Rb5 43. Ra7 Rb6 44. Rc7 1/2-1/2

[Event "*** Titled Tuesday 3|2 Blitz (Early)"]
[Site "Chess.com"]
[Date "2017.01.03"]
[Round "2"]
[White "sandropozo"]
[Black "RamonManon0g"]
[Result "1-0"]
[WhiteElo "2405"]
[BlackElo "2278"]
[TimeControl "180+2"]
[EndTime "11:19:43 PST"]
[Termination "sandropozo won by checkmate"]

1. d4 Nf6 2. c4 g6 3. Nf3 d5 4. cxd5 Nxd5 5. g3 Bg7 6. Bg2 O-O 7.
O-O Nc6 8. Nc3 Nb6 9. d5 Ne5 10. Nxe5 Bxe5 11. Bh6 Re8 12. Qb3 Bg4 13. h3 Bf5 14. e4 Bd7 15. f4 Bd4+ 16. Kh2 Bg7 17. Bxg7 Kxg7 18. e5 c5 19. Rad1 Qc8 20. Rfe1 c4 21.
Qc2 Bf5 22. Qf2 Bd3 23. Be4 Bxe4 24. Nxe4 Rd8 25. d6 exd6 26. exd6 Nd7 27. Qd4+ f6 28.
Nxf6 Nxf6 29. Re7+ Kh6 30. Qxf6 Qf5 31. Qg7+ Kh5 32.
Qxh7# 1-0

[Event "*** Titled Tuesday 3|2 Blitz (Early)"]
[Site "Chess.com"]
[Date "2017.01.03"]
[Round "2"]
[White "Imre91"]
[Black "1e41-0"]
[Result "1-0"]
[WhiteElo "2677"]
[BlackElo "2316"]
[TimeControl "180+2"]
[EndTime "11:19:46 PST"]
[Termination "Imre91 won by resignation"]

1. d4 d5 2. c4 c6 3. Nf3 Nf6 4.
Qb3 dxc4 5. Qxc4 Bg4 6. Nbd2 Nbd7 7. g3 Qc7 8. Bg2 Rd8 9. O-O e5 10. dxe5 Nxe5 11. Nxe5 Qxe5 12. Nf3 Qe6 13. Qa4 Bc5 14. Bg5 Bh5 15. Bxf6 Qxf6 16. Qa5 Bxf3 17. Bxf3 Bb6 18. Qb4 Qe7 19. Qb3 O-O 20. a4 Rd2 21. a5 Bd4 22. Rab1 Rd8 23. Kg2 h6 24. Rfd1 Bf6 25. Rxd2 Rxd2 26.
a6 bxa6 27. Qb8+ Kh7 28. Qc8 Qe5 29. Qxa6 Rxb2 30. Rc1 Qb5 31. Qxa7 Qb6 32. Qxf7 Qd4 33. Rc4 Qe5 34. Be4+ 1-0

[Event "*** Titled Tuesday 3|2 Blitz (Early)"]
[Site "Chess.com"]
[Date "2017.01.03"]
[Round "2"]
[White "visa"]
[Black "FearlessKing64"]
[Result "1-0"]
[WhiteElo "2168"]
[BlackElo "2051"]
[TimeControl "180+2"]
[EndTime "11:19:51 PST"]
[Termination "visa won by resignation"]

1. e4 c5 2. a3 g6 3. b4 Bg7 4.
Nc3 b6 5. Rb1 Nc6 6. Nf3 d6 7.
Bb5 Bd7 8. O-O Nf6 9. bxc5 dxc5 10. e5 Ng4 11. e6 fxe6 12. Ng5 h5 13. Qf3 Rf8 14.
Qxc6 Ne5 15. Qxe6 Bxb5 16. Nxb5 a6 17. Bb2 axb5 18. Bxe5 Bxe5 19. Qxg6+ Kd7 20. Qe6+ Kc7 21. Qxe5+ Qd6 22. Ne6+ 1-0

[Event "*** Titled Tuesday 3|2 Blitz (Early)"]
[Site "Chess.com"]
[Date "2017.01.03"]
[Round "2"]
[White "yurisolo"]
[Black "iturrizaga"]
[Result "0-1"]
[WhiteElo "2463"]
[BlackElo "2637"]
[TimeControl "180+2"]
[EndTime "11:19:52 PST"]
[Termination "iturrizaga won by resignation"]

1. e4 c5 2. Nf3 g6 3. d4 cxd4 4. Nxd4 Nc6 5. Nc3 Bg7 6. Be3 Nf6 7. Bc4 O-O 8. Bb3 a5 9. O-O d6 10. Ndb5 b6 11. Qe2 Ba6 12. Rad1 Nd7 13. a4 Nc5 14. Bc4 Qd7 15. Bxc5 bxc5 16. Nxd6 Nd4 17. Rxd4 cxd4 18. Bxa6 Qxd6 19. Bb7 dxc3 20. Bxa8 Rxa8 21. Rd1 cxb2 22.
Rxd6 b1=Q+ 23. Rd1 Qb4 24. e5 Qxa4 25. e6 f5 26. g3 Bf6 27. h4 Qe4 0-1

[Event "*** Titled Tuesday 3|2 Blitz (Early)"]
[Site "Chess.com"]
[Date "2017.01.03"]
[Round "2"]
[White "Frolyanov_D"]
[Black "GMNeiksans"]
[Result "1-0"]
[WhiteElo "2476"]
[BlackElo "2652"]
[TimeControl "180+2"]
[EndTime "11:20:03 PST"]
[Termination "Frolyanov_D won by resignation"]

1. e4 c5 2. Nf3 e6 3. d4 cxd4 4.
Nxd4 Nc6 5. Nc3 Qc7 6. Be3 a6 7.
f4 Nxd4 8. Qxd4 b5 9. Be2 Bb7 10. O-O Rc8 11. Kh1 h5 12. f5 e5 13. Qd2 Nf6 14. Bg5 Nxe4 15. Nxe4 Bxe4 16. f6 d5 17. Bd3 Bxd3 18. Qxd3 Qc4 19. Qf5 gxf6 20. Bxf6 Rg8 21. Qxe5+ Kd7 22. Qf5+ Kc7 23. Be5+ Kb6 24. Qxf7 Bc5 25.
Rf6+ Ka5 26. Bc7+ Rxc7 27. Qxc7+ 1-0

[Event "*** Titled Tuesday 3|2 Blitz (Early)"]
[Site "Chess.com"]
[Date "2017.01.03"]
[Round "2"]
[White "Kouzari"]
[Black "bivark"]
[Result "0-1"]
[WhiteElo "2392"]
[BlackElo "2357"]
[TimeControl "180+2"]
[EndTime "11:20:33 PST"]
[Termination "bivark won on time"]

1. d4 d5 2. c4 c6 3. Nc3 Nf6 4.
Nf3 a6 5. cxd5 cxd5 6. Bf4 Nc6 7.
Rc1 Bf5 8. Ne5 Rc8 9. e3 Nxe5 10. dxe5 Ne4 11. Nxe4 Bxe4 12. f3 Qa5+ 13. Kf2 Rxc1 14. Qxc1 Bf5 15. g4 Bd7 16. a3 e6 17. Bd3 Be7 18. Qc2 Ba4 19. Qc8+ Bd8 20. b4 Qc7 21. Qxc7 Bxc7 22. Rc1 Kd7 23. g5 Bb6 0-1

[Event "*** Titled Tuesday 3|2 Blitz (Early)"]
[Site "Chess.com"]
[Date "2017.01.03"]
[Round "2"]
[White "Fibrinogen"]
[Black "Rozum_Ivan"]
[Result "1-0"]
[WhiteElo "2288"]
[BlackElo "2567"]
[TimeControl "180+2"]
[EndTime "11:20:54 PST"]
[Termination "Fibrinogen won by resignation"]

1. e4 d5 2. exd5 Qxd5 3. Nc3 Qd8 4. d4 Nf6 5. Nf3 Bg4 6. Be3 c6 7. h3 Bxf3 8. Qxf3 e6 9. Bd3 Nbd7 10. O-O Be7 11.
Rad1 O-O 12. Rfe1 Nd5 13. Nxd5 cxd5 14. c3 Nf6 15. Bf4 a6 16. Re2 b5 17. Rde1 Rc8 18.
Be5 Nd7 19. Bg3 g6 20. Bf4 Nb6 21. Bh6 Re8 22. Qf4 Nc4 23. g3 Bf6 24. h4 Bg7 25.
Bg5 Qc7 26. Qf3 Nd6 27. h5 h6 28. Bf6 g5 29. Bb1 Nc4 30. Bxg7 Kxg7 31. Qd3 Rh8 32. Rxe6 fxe6 33. Qg6+ Kf8 34. Qf6+ Kg8 35. Qxe6+ Kg7 36. Qg6+ Kf8 37. Qf6+ Kg8 38. Re7 Qxe7 39. Qxe7 Nxb2 40. Bf5 1-0

[Event "*** Titled Tuesday 3|2 Blitz (Early)"]
[Site "Chess.com"]
[Date "2017.01.03"]
[Round "2"]
[White "Rsnr"]
[Black "ItalianMachine"]
[Result "1-0"]
[WhiteElo "2490"]
[BlackElo "2234"]
[TimeControl "180+2"]
[EndTime "11:21:01 PST"]
[Termination "Rsnr won on time"]

1. d4 Nf6 2. c4 e6 3. Nf3 b6 4. a3 Bb7 5. Nc3 d6 6. d5 e5 7. e4 Be7 8. Bd3 O-O 9. O-O Nbd7 10. b4 Re8 11. h3 Nf8 12. Be3 Ng6 13. Qc2 Nh5 14. c5 Nhf4 15. Nb5 a6 16. cxd6 cxd6 17. Nc7 Rc8 18. Bxb6 Nxd3 19. Qxd3 Rxc7 20. b5 Nf4 21. Qb3 Qc8 22. bxa6 Bxa6 23. Bxc7 Bxf1 24. Rxf1 Qxc7 25.
Kh2 Rb8 26. Qe3 h6 27. g3 Ng6 28. Rc1 Qa5 29. Rc6 Rb2 30. Kg2 Kh7 31. h4 Bd8 32.
Rxd6 Bb6 33. Qd3 Rxf2+ 34. Kh3 Qa4 35. h5 Nf8 36. Rxb6 Qd7+ 37. g4 Ne6 38. Nxe5 Nf4+ 39. Kg3 Qc7 40. Qe3 Qxe5 41. Kxf2 1-0

[Event "*** Titled Tuesday 3|2 Blitz (Early)"]
[Site "Chess.com"]
[Date "2017.01.03"]
[Round "2"]
[White "E-Shaposhnikov"]
[Black "Ginger_GM"]
[Result "1-0"]
[WhiteElo "2724"]
[BlackElo "2455"]
[TimeControl "180+2"]
[EndTime "11:21:05 PST"]
[Termination "E-Shaposhnikov won by resignation"]

1. Nf3 f5 2. d3 d6 3. e4 e5 4. exf5 Bxf5 5. d4 e4 6. Ng5 Be7 7. d5 Nf6 8. Nc3 O-O 9. Bc4 h6 10.
Nh3 Nbd7 11. Nf4 Ne5 12. Be2 Qd7 13. h3 Ng6 14. O-O Nxf4 15. Bxf4 Rae8 16. Bb5 c6 17. Bc4 Kh8 18. a4 a6 19. Qd2 c5 20. Rae1 Bd8 21. Nd1 Qxa4 22. Ne3 Qd7 23. Nxf5 Qxf5 24. Bxd6 Rf7 25.
Bxc5 b5 26. Bb3 Nh5 27. Qd1 Nf4 28. Qg4 Qe5 29. c3 Rf5 30. Bd4 1-0

[Event "*** Titled Tuesday 3|2 Blitz (Early)"]
[Site "Chess.com"]
[Date "2017.01.03"]
[Round "2"]
[White "RobertoJBM"]
[Black "Egorov_Pavel"]
[Result "0-1"]
[WhiteElo "2464"]
[BlackElo "2299"]
[TimeControl "180+2"]
[EndTime "11:21:06 PST"]
[Termination "Egorov_Pavel won by checkmate"]

1. d4 Nf6 2. e3 g6 3. Nf3 Bg7 4.
b3 O-O 5. Bb2 d5 6. Nbd2 c5 7.
dxc5 Nc6 8. a3 a5 9. Bb5 Bd7 10. O-O Qc7 11. Qe2 Rac8 12. Rac1 Na7 13. Bxd7 Nxd7 14.
Bxg7 Kxg7 15. b4 axb4 16. axb4 Nc6 17. c3 Nce5 18. Nxe5 Nxe5 19. c4 dxc4 20. Nxc4 f6 21. Rfd1 Rfd8 22. Nb6 Rxd1+ 23. Rxd1 Rd8 24. f4 Nc6 25. Nd5 Qc8 26. Nb6 Rxd1+ 27. Qxd1 Qf5 28. Qd2 Qb1+ 29. Kf2 Nxb4 30. Qd7 Nd3+ 31. Ke2 Qc2+ 32. Kf3 Qd1+ 33. Kg3 Qe1+ 34. Kh3 Qxe3+ 35. g3 Nxf4+ 36. Kh4 g5+ 37. Kg4 h5+ 38. Kf5 Qe5# 0-1

[Event "*** Titled Tuesday 3|2 Blitz (Early)"]
[Site "Chess.com"]
[Date "2017.01.03"]
[Round "2"]
[White "Rating-Schmating"]
[Black "FastChance"]
[Result "0-1"]
[WhiteElo "2261"]
[BlackElo "2498"]
[TimeControl "180+2"]
[EndTime "11:21:11 PST"]
[Termination "FastChance won by resignation"]

1. e4 e6 2. d4 d5 3. Nd2 a6 4. Bd3 c5 5. exd5 Qxd5 6. Ngf3 Nc6 7. dxc5 Bxc5 8. O-O Nf6 9. a3 O-O 10.
Qe2 e5 11. Ne4 Be7 12. Re1 Bg4 13. Nxf6+ Bxf6 14. Qe4 Qxe4 15. Bxe4 Rfe8 16. Be3 g6 17. h3 Be6 18. Rad1 Rad8 19. Bb6 Rxd1 20. Rxd1 Bc8 21. Rd6 Re6 22. Rxe6 Bxe6 23. Bc7 Bf5 24. Bxc6 bxc6 25. Bxe5 Be7 26. Nd4 Bd7 27. Kf1 f6 28. Bg3 Kf8 29.
Ke2 c5 30. Nf3 Kf7 31. c3 a5 32.
Bc7 a4 33. Nd2 Ke6 34. Ke3 Kd5 35. c4+ Kc6 36. Ba5 f5 37. f4 Bf6 38. Bc3 Bxc3 39. bxc3 Kd6 40. Nf3 Be6 41. Ne5 Bg8 42. g4 Be6 43. gxf5 Bxf5 44. h4 Be6 45. Kf3 Bc8 46. Nf7+ Ke7 47. Ng5 h6 48. Ne4 Bb7 49. Ke3 Bxe4 50.
Kxe4 Ke6 51. h5 gxh5 52. f5+ Kf6 53. Kd5 h4 54. Kxc5 h3 55. Kb6 h2 56. c5 h1=Q 57.
c6 Qb1+ 58. Ka7 Qxf5 59. c7 Qc8 0-1